A - U25
WISCONSIN TIMBER RATTLERS @ SOUTH BEND CUBS
05/07/2053
 
TOP OF THE 1ST
Beloit Snappers batting - Pitching for Fort Wayne TinCaps : RHP Pancho Viramontes
Pitching: RHP Pancho Viramontes
Batting: LHB Wilson Gannon 0-0: Ball
1-0: Ball
2-0: Foul Ball, location: 2F
2-1: SOLO HOME RUN (Flyball, 89XD, EV 105.0 MPH), Distance : 427 ft
Batting: LHB Mark Felty 0-0: Fly out, F2 (Popup, 13S, EV 89.4 MPH)
Batting: LHB Montel Arvizo 0-0: Ball
1-0: Ball
2-0: Ball
3-0: Swinging Strike
3-1: Foul Ball, location: 2F
3-2: Base on Balls
Batting: RHB David Stephens 0-0: Ball
1-0: Called Strike
1-1: SINGLE (Flyball, 9LS, EV 100.0 MPH)
Montel Arvizo to second
Batting: RHB Bailey Edwards 0-0: Foul Ball, location: 2F
0-1: Swinging Strike
0-2: Ball
1-2: Strikes out swinging
Batting: RHB Josh Caven 0-0: Foul Ball, location: 2F
0-1: SINGLE (Line Drive, 7S, EV 108.1 MPH)
Montel Arvizo to third
David Stephens to second
Runner from 3rd tries for Home, SAFE, throw by LF to home
Batting: RHB Servan Spinner 0-0: Called Strike
0-1: Ball
1-1: Foul Ball, location: 2F
1-2: Strikes out swinging
Top of the 1st over - 2 runs, 3 hits, 0 errors, 2 left on base; Beloit 2 - Fort Wayne 0
BOTTOM OF THE 1ST
Fort Wayne TinCaps batting - Pitching for Beloit Snappers : RHP Ralph Mauro
Pitching: RHP Ralph Mauro
Batting: RHB Miguel Campos 0-0: Foul Ball, location: 2F
0-1: Foul Ball, location: 2F
0-2: Strikes out looking
Batting: LHB Ramon Valera 0-0: Called Strike
0-1: Ball
1-1: Ground out 6-3 (Groundball, 6, EV 102.5 MPH)
Batting: SHB Louie Bryce 0-0: Called Strike
0-1: Ball
1-1: Ball
2-1: Ball
3-1: Called Strike
3-2: Single, Error in OF, E8, batter to second base (Line Drive, 4M, EV 94.4 MPH)
Batting: SHB Harman Dillinger 0-0: Ball
1-0: Foul Ball, location: 2F
1-1: Ball
2-1: Swinging Strike
2-2: Ball
3-2: Foul Ball, location: 2F
3-2: Strikes out swinging
Bottom of the 1st over - 0 runs, 1 hit, 1 error, 1 left on base; Beloit 2 - Fort Wayne 0
TOP OF THE 2ND
Beloit Snappers batting - Pitching for Fort Wayne TinCaps : RHP Pancho Viramontes
Batting: RHB Robert Loretsian 0-0: Called Strike
0-1: Called Strike
0-2: Ball
1-2: SINGLE (Line Drive, 7S, EV 91.2 MPH)
Batting: SHB Warren Gessner 0-0: Called Strike
0-1: Called Strike
Robert Loretsian steals 2nd base
0-2: Ball
1-2: Foul Ball, location: 2F
1-2: Foul Ball, location: 2F
1-2: Ball
2-2: Ground out 4-3 (Groundball, 4, EV 88.1 MPH)
Robert Loretsian to third
Batting: LHB Wilson Gannon 0-0: Foul Ball, location: 2F
0-1: Ball
1-1: Foul Ball, location: 2F
1-2: Foul Ball, location: 2F
1-2: Foul Ball, location: 2F
1-2: Foul Ball, location: 2F
1-2: Fly out, F8 (Flyball, 8LS, EV 90.6 MPH)
Batting: LHB Mark Felty 0-0: Foul Ball, location: 2F
0-1: Ball
1-1: Called Strike
1-2: Ball
2-2: Foul Ball, location: 2F
2-2: Ball
3-2: SINGLE (Flyball, 8LS, EV 93.8 MPH)
Robert Loretsian scores
Batting: LHB Montel Arvizo 0-0: Foul Ball, location: 2F
0-1: Foul Ball, location: 2F
0-2: Strikes out swinging
Top of the 2nd over - 1 run, 2 hits, 0 errors, 1 left on base; Beloit 3 - Fort Wayne 0
BOTTOM OF THE 2ND
Fort Wayne TinCaps batting - Pitching for Beloit Snappers : RHP Ralph Mauro
Batting: RHB Ben Calderini 0-0: Called Strike
0-1: Foul Ball, location: 2F
0-2: Strikes out looking
Batting: LHB Andrew Zollars 0-0: Ball
1-0: Reached on error, E3 (Groundball, 3, EV 105.6 MPH)
Batting: RHB Salvador Caban 0-0: Fly out, F8 (Flyball, 78XD, EV 103.8 MPH)
Batting: LHB Dani Friend 0-0: Ball
1-0: Called Strike
Andrew Zollars steals 2nd base
1-1: Ball
2-1: Swinging Strike
2-2: Fly out, F7 (Line Drive, 7, EV 99.4 MPH)
Bottom of the 2nd over - 0 runs, 0 hits, 1 error, 1 left on base; Beloit 3 - Fort Wayne 0
TOP OF THE 3RD
Beloit Snappers batting - Pitching for Fort Wayne TinCaps : RHP Pancho Viramontes
Batting: RHB David Stephens 0-0: Called Strike
0-1: Ball
1-1: Foul Ball, location: 2F
1-2: Strikes out swinging
Batting: RHB Bailey Edwards 0-0: Ball
1-0: Foul Ball, location: 2F
1-1: Ball
2-1: Ball
3-1: Ground out 6-3 (Groundball, 6, EV 80.0 MPH)
Batting: RHB Josh Caven 0-0: Ball
1-0: Ball
2-0: Foul Ball, location: 2F
2-1: Foul Ball, location: 2F
2-2: Strikes out swinging
Top of the 3rd over - 0 runs, 0 hits, 0 errors, 0 left on base; Beloit 3 - Fort Wayne 0
BOTTOM OF THE 3RD
Fort Wayne TinCaps batting - Pitching for Beloit Snappers : RHP Ralph Mauro
Batting: RHB Rob Lixandroiu 0-0: Ball
1-0: Ball
2-0: Called Strike
2-1: Ball
3-1: Called Strike
3-2: Base on Balls
Batting: RHB Miguel Campos 0-0: Called Strike
0-1: Foul Ball, location: 2F
0-2: Fly out, F8 (Flyball, 89D, EV 110.0 MPH)
Batting: LHB Ramon Valera 0-0: Ball
1-0: Ball
2-0: Called Strike
2-1: Foul Ball, location: 2F
2-2: Strikes out looking
Batting: SHB Louie Bryce 0-0: Called Strike
0-1: SINGLE (Groundball, 4D, EV 105.6 MPH)
Rob Lixandroiu to second
Runner from 2nd tries for 3rd, SAFE, throw by RF made to third
Batting: SHB Harman Dillinger 0-0: Foul Ball, location: 2F
0-1: Swinging Strike
0-2: Ball
1-2: Strikes out swinging
Bottom of the 3rd over - 0 runs, 1 hit, 0 errors, 2 left on base; Beloit 3 - Fort Wayne 0
TOP OF THE 4TH
Beloit Snappers batting - Pitching for Fort Wayne TinCaps : RHP Pancho Viramontes
Batting: RHB Servan Spinner 0-0: Ball
1-0: Ball
2-0: Called Strike
2-1: Ball
3-1: Called Strike
3-2: Base on Balls
Batting: RHB Robert Loretsian 0-0: Ball
1-0: Called Strike
1-1: Ball
2-1: Ball
3-1: Reached on error, E9 (Flyball, 89M, EV 80.0 MPH)
Servan Spinner to second
Batting: SHB Warren Gessner 0-0: Ball
1-0: Fly out, F7 (Flyball, 7S, EV 81.9 MPH)
Batting: LHB Wilson Gannon 0-0: Ball
1-0: Called Strike
1-1: Fielders Choice at 2nd, 5-4 (Groundball, 15, EV 83.8 MPH)
Servan Spinner to third
Batting: LHB Mark Felty 0-0: Fly out, F9 (Flyball, 89S, EV 91.2 MPH)
Top of the 4th over - 0 runs, 0 hits, 1 error, 2 left on base; Beloit 3 - Fort Wayne 0
BOTTOM OF THE 4TH
Fort Wayne TinCaps batting - Pitching for Beloit Snappers : RHP Ralph Mauro
Batting: RHB Ben Calderini 0-0: Fly out, F9 (Flyball, 9, EV 91.9 MPH)
Batting: LHB Andrew Zollars 0-0: Called Strike
0-1: Ball
1-1: Swinging Strike
1-2: Ball
2-2: Foul Ball, location: 2F
2-2: Ball
3-2: Strikes out swinging
Batting: RHB Salvador Caban 0-0: Ball
1-0: Ground out U3 (Groundball, 3L, EV 88.1 MPH)
Bottom of the 4th over - 0 runs, 0 hits, 0 errors, 0 left on base; Beloit 3 - Fort Wayne 0
TOP OF THE 5TH
Beloit Snappers batting - Pitching for Fort Wayne TinCaps : RHP Pancho Viramontes
Batting: LHB Montel Arvizo 0-0: Foul Ball, location: 2F
0-1: Called Strike
0-2: Fly out, F9 (Flyball, 89XD, EV 107.5 MPH)
Batting: RHB David Stephens 0-0: Ground out 6-3 (Groundball, 6, EV 91.9 MPH)
Batting: RHB Bailey Edwards 0-0: Called Strike
0-1: Called Strike
0-2: Ball
1-2: Fly out, F8 (Flyball, 8RS, EV 76.2 MPH)
Top of the 5th over - 0 runs, 0 hits, 0 errors, 0 left on base; Beloit 3 - Fort Wayne 0
BOTTOM OF THE 5TH
Fort Wayne TinCaps batting - Pitching for Beloit Snappers : RHP Ralph Mauro
Batting: LHB Dani Friend 0-0: Ball
1-0: Fly out, F8 (Flyball, 8LM, EV 88.8 MPH)
Batting: RHB Rob Lixandroiu 0-0: Foul Ball, location: 2F
0-1: Foul Ball, location: 2F
0-2: Foul Ball, location: 2F
0-2: Ball
1-2: Strikes out swinging
Batting: RHB Miguel Campos 0-0: Foul Ball, location: 2F
0-1: Ball
1-1: Foul Ball, location: 2F
1-2: Ball
2-2: Foul Ball, location: 2F
2-2: SOLO HOME RUN (Line Drive, 7D, EV 101.2 MPH), Distance : 383 ft
Batting: LHB Ramon Valera 0-0: Ball
1-0: Called Strike
1-1: DOUBLE (Line Drive, 9LM, EV 110.0 MPH)
Batting: SHB Louie Bryce 0-0: Ball
1-0: Foul Ball, location: 2F
1-1: Fly out, F9 (Flyball, 9LM, EV 108.8 MPH)
Bottom of the 5th over - 1 run, 2 hits, 0 errors, 1 left on base; Beloit 3 - Fort Wayne 1
TOP OF THE 6TH
Beloit Snappers batting - Pitching for Fort Wayne TinCaps : RHP Pancho Viramontes
Batting: RHB Josh Caven 0-0: Called Strike
0-1: Ball
1-1: Ball
2-1: SOLO HOME RUN (Flyball, 7LD, EV 93.1 MPH), Distance : 341 ft
Batting: RHB Servan Spinner 0-0: Called Strike
0-1: Swinging Strike
0-2: Ball
1-2: Foul Ball, location: 2F
1-2: Ball
2-2: Strikes out swinging
Pitching: RHP Ryan Bui
Batting: RHB Robert Loretsian 0-0: Foul Ball, location: 2F
0-1: Swinging Strike
0-2: Ball
1-2: Strikes out swinging
Batting: SHB Warren Gessner 0-0: Ground out 4-3 (Groundball, 34, EV 107.5 MPH)
Top of the 6th over - 1 run, 1 hit, 0 errors, 0 left on base; Beloit 4 - Fort Wayne 1
BOTTOM OF THE 6TH
Fort Wayne TinCaps batting - Pitching for Beloit Snappers : RHP Ralph Mauro
Batting: SHB Harman Dillinger 0-0: Ball
1-0: Called Strike
1-1: SOLO HOME RUN (Flyball, 9LD, EV 92.5 MPH), Distance : 348 ft
Batting: RHB Ben Calderini 0-0: Called Strike
0-1: Ball
1-1: Ball
2-1: Foul Ball, location: 2F
2-2: Ball
3-2: Foul Ball, location: 2F
3-2: Foul Ball, location: 3F, Error on foul ball, E3
3-2: Strikes out swinging
Batting: LHB Andrew Zollars 0-0: Called Strike
0-1: Foul Ball, location: 2F
0-2: Ball
1-2: Strikes out swinging
Batting: RHB Salvador Caban 0-0: Fly out, F4 (Flyball, 4D, EV 87.5 MPH)
Bottom of the 6th over - 1 run, 1 hit, 1 error, 0 left on base; Beloit 4 - Fort Wayne 2
TOP OF THE 7TH
Beloit Snappers batting - Pitching for Fort Wayne TinCaps : RHP Ryan Bui
Batting: LHB Wilson Gannon 0-0: Foul Ball, location: 2F
0-1: Fly out, F7 (Flyball, 7, EV 81.9 MPH)
Batting: LHB Mark Felty 0-0: Foul Ball, location: 2F
0-1: Called Strike
0-2: Ball
1-2: Strikes out swinging
Batting: LHB Montel Arvizo 0-0: Ball
1-0: Foul Ball, location: 2F
1-1: Swinging Strike
1-2: Ball
2-2: Foul Ball, location: 2F
2-2: Fly out, F9 (Flyball, 9D, EV 108.8 MPH)
Top of the 7th over - 0 runs, 0 hits, 0 errors, 0 left on base; Beloit 4 - Fort Wayne 2
BOTTOM OF THE 7TH
Fort Wayne TinCaps batting - Pitching for Beloit Snappers : RHP Ralph Mauro
Batting: LHB Dani Friend 0-0: Ball
1-0: Ball
2-0: Foul Ball, location: 2F
2-1: Foul Ball, location: 2F
2-2: Ball
3-2: Base on Balls
Batting: RHB Rob Lixandroiu 0-0: Ball
1-0: Ball
2-0: Foul Ball, location: 2F
2-1: SINGLE (Groundball, P, EV 83.8 MPH) (infield hit)
Dani Friend to second
Pitching: RHP Art Nowak
Batting: RHB Miguel Campos 0-0: Bunt missed!
0-1: Sac Bunt to 15S - play at first, batter OUT! 1-4
Dani Friend to third
Rob Lixandroiu to second
Batting: LHB Ramon Valera 0-0: Ball
1-0: Called Strike
1-1: Fly out, F8 (Flyball, 8LD, EV 88.1 MPH)
Runner from 3rd tags up, OUT at HOME! 8-2
Bottom of the 7th over - 0 runs, 1 hit, 0 errors, 1 left on base; Beloit 4 - Fort Wayne 2
TOP OF THE 8TH
Beloit Snappers batting - Pitching for Fort Wayne TinCaps : RHP Ryan Bui
Now at 2B: Andrew Zollars
Now in CF: Bobby Patton
Batting: RHB David Stephens 0-0: Called Strike
0-1: Foul Ball, location: 2F
0-2: Ball
1-2: Strikes out looking
Batting: RHB Bailey Edwards 0-0: Called Strike
0-1: DOUBLE (Flyball, 78D, EV 90.0 MPH)
Batting: RHB Josh Caven 0-0: Ball
1-0: Ball
2-0: Reached on error, E6 (Groundball, 6, EV 80.6 MPH)
Bailey Edwards to third
Batting: RHB Servan Spinner 0-0: Fielders Choice at 2nd, 4-6 (Groundball, 4, EV 78.8 MPH)
Bailey Edwards scores
Batting: RHB Robert Loretsian Balk!
Servan Spinner to second
0-0: Ball
1-0: Foul Ball, location: 2F
1-1: Swinging Strike
1-2: Ball
2-2: Strikes out swinging
Top of the 8th over - 1 run, 1 hit, 1 error, 1 left on base; Beloit 5 - Fort Wayne 2
BOTTOM OF THE 8TH
Fort Wayne TinCaps batting - Pitching for Beloit Snappers : RHP Art Nowak
Batting: SHB Louie Bryce 0-0: DOUBLE (Flyball, 7LD, EV 93.8 MPH)
Batting: SHB Harman Dillinger 0-0: Ball
1-0: Called Strike
1-1: 2-RUN HOME RUN (Flyball, 7LD, EV 93.8 MPH), Distance : 330 ft
Batting: RHB Ben Calderini 0-0: Called Strike
0-1: Swinging Strike
0-2: Strikes out looking
Batting: LHB Andrew Zollars 0-0: Called Strike
0-1: Swinging Strike
0-2: Strikes out looking
Batting: RHB Salvador Caban 0-0: Swinging Strike
0-1: Foul Ball, location: 2F
0-2: Ground out 4-3 (Groundball, 4, EV 82.5 MPH)
Bottom of the 8th over - 2 runs, 2 hits, 0 errors, 0 left on base; Beloit 5 - Fort Wayne 4
TOP OF THE 9TH
Beloit Snappers batting - Pitching for Fort Wayne TinCaps : RHP Ryan Bui
Pitching: RHP Henry Henschel
Batting: SHB Warren Gessner 0-0: Called Strike
0-1: Foul Ball, location: 2F
0-2: Strikes out swinging
Batting: LHB Wilson Gannon 0-0: Swinging Strike
0-1: Swinging Strike
0-2: Foul Ball, location: 2F
0-2: Ball
1-2: Strikes out swinging
Batting: LHB Mark Felty 0-0: Fly out, F9 (Flyball, 9LM, EV 97.5 MPH)
Top of the 9th over - 0 runs, 0 hits, 0 errors, 0 left on base; Beloit 5 - Fort Wayne 4
BOTTOM OF THE 9TH
Fort Wayne TinCaps batting - Pitching for Beloit Snappers : RHP Art Nowak
Pitching: RHP Hunter Jungers
Batting: LHB Bobby Patton 0-0: Ground out 4-3 (Groundball, 4, EV 82.5 MPH)
Batting: RHB Rob Lixandroiu 0-0: Called Strike
0-1: Ball
1-1: Called Strike
1-2: Strikes out swinging
Batting: RHB Miguel Campos 0-0: Ball
1-0: Called Strike
1-1: Foul Ball, location: 2F
1-2: Foul Ball, location: 2F
1-2: SINGLE (Groundball, 56, EV 108.8 MPH)
Batting: LHB Ramon Valera 0-0: Swinging Strike
0-1: Foul Ball, location: 2F
0-2: Fly out, F9 (Flyball, 89M, EV 94.4 MPH)
Bottom of the 9th over - 0 runs, 1 hit, 0 errors, 1 left on base; Beloit 5 - Fort Wayne 4
Friday, May 24th , 2024 - OOTP Baseball 25.4 Build 64